 Dungeon Crawl Stone Soup version 0.29-a0-1065-g47a6bb87d6 (webtiles) character file.

Game seed: 499957075005525516

520 ytrimaz the Insei (level 7, -4/45 HPs)
             Began as an Octopode Transmuter on Aug 18, 2022.
             Was a Priest of Cheibriados.
             Killed by divine providence
             ... invoked by an orc priest
              (11 damage)
             ... on level 5 of the Dungeon.
             The game lasted 00:05:14 (4582 turns).

ytrimaz the Insei (Octopode Transmuter)             Turns: 4582, Time: 00:05:15

Health: -4/45      AC:  1    Str: 17    XL:     7   Next: 21%
Magic:  10/10      EV: 15    Int: 25    God:    Cheibriados [***...]
Gold:   167        SH:  0    Dex: 21    Spells: 0/10 levels left

rFire   + + .      SeeInvis +     - Unarmed
rCold   . . .      Faith    .   (no shield)
rNeg    + . .      Spirit   .   (helmet currently unavailable)
rPois   .          Reflect  .   (no amulet)
rElec   .          Harm     .   e - ring of positive energy
rCorr   .          Rampage  .   d - ring of protection from fire
Will    .....                   g - ring "Bufiva" {Slay+4 SInv}
Stlth   +++.......              o - ring of protection from fire
HPRegen 0.15/turn               (no ring)
MPRegen 0.12/turn               (no ring)
                                (no ring)
                                (no ring)

@: appendages (expiring), very slow
A: tentacle spike 3, almost no armour, amphibious, 8 rings, camouflage 1,
gelatinous body 1, (nimble swimmer 1), tentacles
a: End Transformation, Renounce Religion, Bend Time, Temporal Distortion


You were on level 5 of the Dungeon.
You worshipped Cheibriados.
Cheibriados was most pleased with you.
One of your tentacles had grown a beastly spike.
You visited 2 branches of the dungeon, and saw 6 of its levels.

You collected 167 gold pieces.

Inventory:

Jewellery
 d - a ring of protection from fire (right tentacle)
 e - a ring of positive energy (left tentacle)
 g - the ring "Bufiva" (on tentacle) {Slay+4 SInv}
   (You acquired it on level 1 of the Dungeon)

   [ring of slaying]

   Slay:      It affects your accuracy & damage with ranged weapons and melee
   (+4).
   SInv:      It lets you see invisible.
 o - a ring of protection from fire (on tentacle)
Wands
 p - a wand of charming (10)
Scrolls
 l - a scroll of magic mapping
 n - a scroll of teleportation
Potions
 a - a potion of lignification
 b - a potion of attraction {unknown}
 c - a potion of magic {unknown}
 f - a potion of heal wounds
 h - a potion of mutation
 j - 2 potions of curing
 k - a potion of haste {unknown}
 m - a potion of resistance {unknown}


   Skills:
 + Level 2.0 Fighting
 + Level 4.2 Dodging
 + Level 6.7 Unarmed Combat
 - Level 2.0 Spellcasting
 - Level 2.0 Transmutations


You couldn't memorise any spells.
You knew the following spells:

 Your Spells              Type           Power      Damage    Failure   Level
a - Beastly Appendage     Tmut           24%        N/A       4%          1
b - Wereblood             Tmut           12%        N/A       8%          2
c - Spider Form           Tmut/Pois      7%         N/A       22%         3
d - Ice Form              Ice/Tmut       7%         N/A       58%         4

Your spell library contained the following spells:

 Spells                   Type           Power      Damage    Failure   Level
 Sublimation of Blood     Necr           2%         N/A       17%         2
 Dazzling Flash           Conj/Hex       4%         N/A       32%         3
 Summon Guardian Golem    Hex/Summ       2%         N/A       32%         3
 Iskenderun's Mystic Bla  Conj/Tloc      2%         2d3       73%         4
 Starburst                Conj/Fire      1%         6d3       100%        6
 Orb of Destruction       Conj           1%         9d5       100%        7
 Spellforged Servitor     Conj/Summ      1%         N/A       100%        7
 Summon Hydra             Summ           1%         N/A       100%        7


Dungeon Overview and Level Annotations

Branches:
Dungeon (5/15)             Temple (1/1) D:4

Altars:
Ashenzari
Cheibriados
Elyvilon
Qazlal
Ru
Uskayaw
Vehumet
The Shining One

Portals:
Abyss: D:3

Annotations:
D:3 2 transporters, wingedge's ghost, amateur TeFE
Temple 4 transporters


Innate Abilities, Weirdness & Mutations

One of your tentacles has grown a beastly spike.
You cannot wear most types of armour.
You are amphibious.
You can wear up to eight rings at the same time.
Your skin changes colour to match your surroundings (Stealth+).
Your rubbery body absorbs attacks. (AC +1, EV +1)
((You are camouflaged when in or above water. (Stealth+)))
You have tentacles for arms and can constrict up to eight enemies at once.


Message History

Cheibriados thoroughly appreciates the change of pace.
The gnoll hits you from afar with a +0 spear.
An orc wizard comes into view. It is wielding a +0 dagger.
An orc comes into view. It is wielding a +0 hand axe.
Your transformation is almost over.
The gnoll misses you.
You tentacle-slap the gnoll. You grab the gnoll.
The gnoll is moderately wounded.
You constrict the gnoll. The gnoll hits you with a +0 club.
The gnoll closely misses you.
The orc priest invokes the aid of Beogh against you.
Beogh smites you!
Unknown command.
You tentacle-slap the gnoll.
You kill the gnoll!
Cheibriados appreciates the change of pace.
The gnoll misses you.
You tentacle-slap the gnoll but do no damage.
You grab the gnoll.
You pierce the gnoll.
You squeeze the gnoll!
You kill the gnoll!
Cheibriados thoroughly appreciates the change of pace.
Unknown command.
An orc comes into view. It is wielding a +0 whip.
The orc priest completely misses you.
The orc wizard mumbles some strange words.
The orc wizard flickers and vanishes for a moment.
The orc hits you with a +0 club.
The orc priest calls down the wrath of Beogh upon you.
Beogh smites you!
* * * LOW HITPOINT WARNING * * *
Things that are here:
a +0 club; a gnoll corpse Unknown command.
You barely miss the orc priest. You grab the orc priest.
You pierce the orc priest!
The orc priest is severely wounded.
You constrict the orc priest. The orc barely misses you.
The orc priest calls down the wrath of Beogh upon you.
Beogh smites you!
You die...

######
##..))##
#..##.)#
##.####@#
####..#
#ooo..#
#....##
#oo......
#..<.#
#.......#
#......#
#.....###
##.....#
##.####
#.....#
.#
##...[#
.# .....#


You could see an orc priest, an orc wizard (invisible) and 3 orcs.

Vanquished Creatures
  Sigmund (D:4)
  A hound (D:4)
  A jelly (D:4)
  An orc priest (D:4)
  2 iguanas
  Robin (D:2)
  4 gnolls (D:5)
  8 adders
  A worm (D:4)
  3 dart slugs
  3 orcs (D:4)
  8 endoplasms
  6 giant cockroaches
  10 goblins
  8 hobgoblins
  2 jackals (D:3)
  2 quokkas
  7 ball pythons
  7 bats
  2 frilled lizards (D:2)
  5 kobolds
  5 rats
88 creatures vanquished.

Notes
Turn   | Place    | Note
-------+----------+-------------------------------------------
     0 | D:1      | ytrimaz the Octopode Transmuter began the quest for the
                  | Orb.
     0 | D:1      | Reached XP level 1. HP: 13/13 MP: 3/3
   228 | D:1      | Found a faded altar of an unknown god.
   241 | D:1      | Prayed at the altar of an unknown god.
   241 | D:1      | Became a worshipper of Cheibriados the Contemplative
   241 | D:1      | Reached * piety under Cheibriados
   282 | D:1      | Reached XP level 2. HP: 18/18 MP: 3/5
   777 | D:1      | Identified a scroll of acquirement
   781 | D:1      | Acquired the ring "Bufiva" {Slay+4 SInv}
  1094 | D:2      | Reached skill level 4 in Unarmed Combat
  1094 | D:2      | Reached XP level 3. HP: 22/23 MP: 4/6
  1116 | D:2      | Reached ** piety under Cheibriados
  1158 | D:2      | Noticed Robin
  1166 | D:2      | Killed Robin
  1175 | D:2      | Learned a level 2 spell: Wereblood
  1179 | D:2      | Learned a level 3 spell: Spider Form
  1401 | D:2      | Reached XP level 4. HP: 5/28 MP: 7/7
  3066 | D:3      | Found a transporter.
  3069 | D:3      | Noticed a kobold brigand
  3070 | D:3      | Noticed a small abomination
  3230 | D:3      | Reached *** piety under Cheibriados
  3249 | D:3      | Reached skill level 5 in Unarmed Combat
  3249 | D:3      | Reached XP level 5. HP: 33/33 MP: 6/8
  3269 | D:3      | Found a transporter.
  3278 | D:3      | Found a one-way gate to the infinite horrors of the Abyss.
  3308 | D:3      | Noticed wingedge's ghost (amateur TeFE)
  3763 | D:4      | Reached XP level 6. HP: 16/38 MP: 7/9
  4013 | D:4      | Noticed Sigmund
  4021 | D:4      | Killed Sigmund
  4022 | D:4      | Reached skill level 6 in Unarmed Combat
  4049 | D:4      | Reached XP level 7. HP: 29/45 MP: 8/10
  4196 | D:4      | Found a staircase to the Ecumenical Temple.
  4356 | Temple   | Entered the Ecumenical Temple
  4356 | Temple   | Found a transporter.
  4356 | Temple   | Found a transporter.
  4358 | Temple   | Found a transporter.
  4358 | Temple   | Found a transporter.
  4439 | D:4      | Learned a level 4 spell: Ice Form
  4562 | D:5      | Entered Level 5 of the Dungeon
  4582 | D:5      | Killed from afar by an orc priest

Illustrated notes

Levels and vault maps discovered:
D:1:      mrwooster_arrival_statue_2, layout_basic,
          nicolae_ecumenical_snake_handling, minivault_27, minmay_parallelograms
D:2:      layout_loops_ring, grunt_ministairs_12, minmay_tromino_v4_a,
          uniq_robin
D:3:      layout_loops_corners, gammafunk_ghost_abyssal_escape
D:4:      layout_cave_pools, minmay_temple_entry_statues_fountains, uniq_sigmund
D:5:      layout_rooms, serial_shops, shop
Temple:   hellmonk_temple_divided_pantheon

Skill      XL: |  1  2  3  4  5  6 |
---------------+-------------------+-----
Unarmed Combat | 4 5 6 |  6.7
Dodging        | 3 4 |  4.2
Fighting       | 2 |  2.0
Spellcasting   | |  2.0
Transmutations | |  2.0

Action                   |  1- 3 |  4- 6 |  7- 9 || total
-------------------------+-------+-------+-------++-------
Melee: Unarmed           |    52 |    72 |    20 ||   144
       Constrict         |    18 |    21 |     8 ||    47
       Kick              |    14 |    14 |     3 ||    31
       Tentacles         |     4 |    12 |     2 ||    18
       Punch             |     2 |     1 |     1 ||     4
 Cast: Beastly Appendage |    16 |    25 |     6 ||    47
  Use: Scroll            |     2 |     4 |     2 ||     8
 Stab: Sleeping          |     7 |     4 |     3 ||    14
Armor: Skin              |     3 |     6 |       ||     9
Dodge: Dodged            |    49 |    60 |    16 ||   125

Table legend: (Time is in decaauts)
 A = Elapsed time spent in this place.
 B = Non-inter-level travel time spent in this place.
 C = Inter-level travel time spent in this place.
 D = Time resting spent in this place.
 E = Time spent auto-exploring this place.
 F = Levels seen in this place.
 G = Mean time per level.
                   A        B        C        D        E       F      G
               +--------+--------+--------+--------+--------+-----+--------+
         Total |   5895 |   5645 |    250 |    115 |   4762 |   6 |  982.5 |
       Dungeon |   5857 |   5626 |    231 |    115 |   4750 |   5 | 1171.4 |
        Temple |     38 |     20 |     18 |      0 |     11 |   1 |   38.0 |
               +--------+--------+--------+--------+--------+-----+--------+

Top non-repeatable levels by time:
     D:2: 1981 daAuts
     D:1: 1312 daAuts
     D:3: 1296 daAuts
     D:4: 1240 daAuts
  Temple: 38 daAuts
     D:5: 26 daAuts
